 Dungeon Crawl Stone Soup version 0.25-a0-670-g50981ef (webtiles) character file.

Game seed: 11094451602991739748, levelgen mode: deterministic

1448 Rerummy the Covert (level 8, 0/60 HPs)
             Began as a Vampire Assassin on Mar 30, 2020.
             Slain by an orc warrior
             ... wielding a +0 glaive
              (8 damage)
             ... on level 6 of the Dungeon.
             The game lasted 00:26:25 (5192 turns).

Rerummy the Covert (Vampire Assassin)               Turns: 5192, Time: 00:26:26

Health: 0/60       AC:  9    Str: 10    XL:     8   Next: 46%
Magic:  8/8        EV: 16    Int: 13    God:
Gold:   525        SH:  0    Dex: 22    Spells: 7/7 levels left

rFire    . . .     SeeInvis +   q - +4 short sword
rCold    . . .     Gourm    .   (no shield)
rNeg     . . .     Faith    .   b - +0 robe
rPois    .         Spirit   .   z - +0 helmet
rElec    .         Reflect  .   c - +0 cloak
rCorr    .         Harm     .   (no gloves)
MR       .....                  j - +1 pair of boots
Stlth    +++++.....             (no amulet)
HPRegen  0.40/turn              y - +3 ring of protection
MPRegen  0.11/turn              n - +4 ring of dexterity

@: regenerating quickly
A: no food, fangs 3, see invisible, unbreathing
a: Exsanguinate


You were on level 6 of the Dungeon.
You were alive.

You visited 1 branch of the dungeon, and saw 7 of its levels.
You also visited: Sewer.

You collected 525 gold pieces.

Inventory:

Hand Weapons
 a - a +2 dagger
 q - a +4 short sword (weapon)
 B - a +0 dagger
Missiles
 d - 24 poisoned darts (quivered)
 e - 6 curare-tipped darts
Armour
 b - a +0 robe (worn)
 c - a +0 cloak (worn)
 j - a +1 pair of boots (worn)
 z - a +0 helmet (worn)
Magical Staves
 o - an uncursed staff of conjuration {unknown}
Jewellery
 f - an uncursed ring of poison resistance
 l - an uncursed ring of flight
 n - a +4 ring of dexterity (right hand)
 y - a +3 ring of protection (left hand)
 A - an uncursed ring of see invisible
 D - an uncursed ring of protection from cold
 E - an uncursed ring of ice
 G - an uncursed ring of teleportation
 I - an uncursed ring of ice
Wands
 m - a wand of random effects (38)
 t - a wand of paralysis (8)
Scrolls
 h - 3 scrolls of identify
 r - a scroll of teleportation
 s - a scroll of fog
 u - a scroll of enchant armour
 v - 2 scrolls of blinking
 w - a scroll of enchant weapon {unknown}
 F - a scroll of magic mapping {unknown}
 H - 2 scrolls of fear
 J - 2 scrolls of remove curse
Potions
 g - 3 potions of stabbing {unknown}
 i - a potion of curing
 k - 2 potions of ambrosia {unknown}
 p - 3 potions of berserk rage {unknown}
 x - a potion of cancellation {unknown}
 C - a potion of flight {unknown}


   Skills:
 + Level 4.2 Fighting
 + Level 7.4 Short Blades
 + Level 1.8 Throwing
 + Level 4.6 Dodging
 + Level 10.3 Stealth


You had 7 spell levels left.
You didn't know any spells.
Your spell library was empty.

Dungeon Overview and Level Annotations

Branches:
Dungeon (7/15)             Temple (0/1) D:6           Sewer (visited)

Altars:
Ashenzari
Cheibriados
Makhleb
Okawaru
Uskayaw
Wu Jian
The Shining One

Shops:
D:4 }   D:5 *


Innate Abilities, Weirdness & Mutations

You do not eat.
Your natural rate of healing is unusually fast.
You have razor-sharp teeth.
You have supernaturally acute eyesight. (SInv)
You can survive without breathing.


Message History

The orc warrior is severely wounded.
You hit the orc warrior.
The orc warrior is severely wounded.
The orc warrior misses you.
You barely miss the orc warrior.
The orc warrior is severely wounded.
The orc warrior closely misses you.
You hit the orc warrior but do no damage.
The orc warrior is severely wounded.
You closely miss the orc warrior. Your bite misses the orc warrior.
The orc warrior is severely wounded.
The orc warrior barely misses you.
You hit the orc warrior but do no damage.
Your bite misses the orc warrior.
The orc warrior is severely wounded.
You hit the orc warrior.
You bite the orc warrior, but do no damage.
The orc warrior is almost dead.
The orc warrior hits you with a +0 glaive!
You die...

#.#
#....###..#.###.#.#.##
#.#
##.#...)).#.......#.##
#.###
#.#####.......#.##...
#...# #.#
##.......#....## ###.##
#.####......).#......
#..#
#.#....#......#.....#
##.#
#...####............# #.#
#...## ###......#.### #.#
#...@###............. #.#
#.##o.#..#.#.###...⌠.
#.###.###.#.#......##....
#..##.###...#.#.......###
##.#..........#....#....#
#.#..###.)####..####...#
#.#..###..<# #.## #....
#.#..#...#.###.# ##...
#......###.....# #...


You could see an orc warrior.

Vanquished Creatures
  2 sky beasts (D:5)
  An orc warrior (D:6)
  An ogre (D:5)
  A crocodile (Sewer)
  2 scorpions (D:4)
  A howler monkey (D:4)
  A bullfrog zombie (D:6)
  3 crimson imps
  A quasit (D:6)
  A jelly (D:5)
  5 orc priests
  An iguana (D:5)
  Natasha (thrice) (D:3)
  3 orc wizards (D:5)
  3 worker ants (D:4)
  A worker ant zombie (D:5)
  7 adders
  4 gnolls (D:6)
  2 oozes
  4 worms
  6 dart slugs (D:1)
  9 leopard geckos
  15 orcs
  8 giant cockroaches
  4 goblins
  6 hobgoblins
  8 jackals
  9 kobolds
  2 quokkas
  3 ball pythons
  13 bats
  4 frilled lizards
  2 leopard gecko skeletons (D:5)
  A quokka skeleton (D:4)
  9 rats
146 creatures vanquished.

Notes
Turn   | Place    | Note
-------+----------+-------------------------------------------
     0 | D:1      | Rerummy the Vampire Assassin began the quest for the Orb.
     0 | D:1      | Reached XP level 1. HP: 16/16 MP: 1/1
    25 | D:1      | Reached skill level 6 in Stealth
    50 | D:1      | Reached XP level 2. HP: 18/22 MP: 2/2
   429 | D:1      | Reached XP level 3. HP: 26/27 MP: 3/3
   844 | D:2      | Found an ornate altar of the Wu Jian Council.
   856 | D:2      | Reached skill level 7 in Stealth
  1062 | D:2      | Reached XP level 4. HP: 33/33 MP: 4/4
  1077 | D:2      | Found a snail-covered altar of Cheibriados.
  1203 | D:2      | Found an iron altar of Okawaru.
  2072 | D:3      | Noticed Natasha
  2075 | D:3      | Killed Natasha
  2075 | D:3      | Reached XP level 5. HP: 39/39 MP: 5/5
  2216 | D:3      | Noticed Natasha
  2220 | D:3      | Killed Natasha
  2253 | D:3      | Reached skill level 8 in Stealth
  2316 | D:3      | Noticed Natasha
  2340 | D:3      | Killed Natasha
  2732 | D:4      | Found a hide-covered altar of Uskayaw.
  2750 | D:4      | Reached XP level 6. HP: 39/46 MP: 6/6
  2909 | D:4      | Found Doeli's Gadget Shoppe.
  3628 | D:5      | Entered Level 5 of the Dungeon
  3695 | D:5      | Reached XP level 7. HP: 18/52 MP: 7/7
  3720 | D:5      | Reached skill level 5 in Short Blades
  3923 | D:5      | Reached skill level 9 in Stealth
  4020 | D:5      | Found Rutaca's Assorted Antiques.
  4053 | D:5      | Found a glowing golden altar of the Shining One.
  4277 | D:5      | Found a burning altar of Makhleb.
  4277 | D:5      | Noticed an Executioner
  4305 | D:5      | Found a glowing drain.
  4309 | Sewer    | Entered a sewer
  4365 | Sewer    | Reached XP level 8. HP: 60/60 MP: 8/8
  4715 | D:6      | Found a shattered altar of Ashenzari.
  4719 | D:6      | Reached skill level 10 in Stealth
  4807 | D:6      | Found a staircase to the Ecumenical Temple.
  5192 | D:6      | Slain by an orc warrior

Levels and vault maps discovered:
D:1:      dpeg_arrival_central, layout_basic
D:2:      layout_rooms, lemuel_doored_altar, nicolae_overflow_crystal_walls,
          okawaru_trees_2
D:3:      layout_rooms, uniq_natasha
D:4:      layout_basic, lemuel_round_altar, serial_shops,
          nicolae_shop_behind_doors
D:5:      layout_cave_pools, makhleb_altar_promises_db,
          lemuel_coloured_pillars_altar, first_ration, gup_sewer_entry_bowl,
          kennysheep_windowed_goal
D:6:      layout_rooms, evilmike_ruin_ashenzari, minmay_temple_entry_junction_2
D:7:      layout_basic, grunt_temple_overflow_growth_and_decay

Skill      XL: |  1  2  3  4  5  6  7  8 |
---------------+-------------------------+-----
Stealth        | 6 7 8 9 10 | 10.3
Fighting       | 2 3 4 |  4.2
Dodging        | 2 3 4 |  4.6
Short Blades   | 3 4 6 7 |  7.4
Throwing       | |  1.8

Action                   |  1- 3 |  4- 6 |  7- 9 || total
-------------------------+-------+-------+-------++-------
Melee: Dagger            |   118 |   305 |     8 ||   431
       Bite              |    19 |    33 |    29 ||    81
       Short sword       |       |       |   206 ||   206
Evoke: Wand              |       |     1 |       ||     1
  Use: Scroll            |       |     7 |     1 ||     8
 Stab: Sleeping          |     3 |     9 |    13 ||    25
       Distracted        |       |     1 |     2 ||     3
Armor: Robe              |    35 |    49 |    47 ||   131
Dodge: Dodged            |    63 |   184 |   130 ||   377

Table legend:
 A = Non-vault XP
 B = Vault XP
 C = Vault XP percentage of total XP
 D = Non-vault monster count
 E = Vault monster count
 F = Vault count percentage of total count
                 A         B        C        D         E       F
            +---------+---------+-------+---------+---------+-------
      Total |    1863 |     206 |  10.0 |     134 |      12 |   8.2
            +---------+---------+-------+---------+---------+-------
        D:1 |      53 |       0 |   0.0 |      24 |       0 |   0.0
        D:2 |      53 |       0 |   0.0 |      21 |       0 |   0.0
        D:3 |     178 |      36 |  16.8 |      31 |       1 |   3.1
        D:4 |     350 |       0 |   0.0 |      17 |       0 |   0.0
        D:5 |     797 |      59 |   6.9 |      23 |       5 |  17.9
        D:6 |     432 |       0 |   0.0 |      18 |       0 |   0.0
      Sewer |       0 |     111 | 100.0 |       0 |       6 | 100.0
            +---------+---------+-------+---------+---------+-------
